Map: Abyssal Reef LE

Players

SamuraiFunn - Winner!

  • Race: Protoss Protoss
  • Spawn Location: 11:00

A.I. 1 (Elite)

  • Race: Protoss Protoss
  • Spawn Location: 5:00

VOD

Have the link to the VOD?

Description

Time

  • Played on: Nov. 24, 2017, 1:32 p.m.
  • Length: 7:02
Show
View Real Time Build Order
Export as new Build Order

SamuraiFunn Protoss - Winner!

Build Orders: Dark Templar Rush 

Get SALT Encoding   

  12  0:01  Probe  
  13  0:13  Probe  
  14  0:22  Assimilator  
  14  0:25  Probe  
  15  0:31  Pylon  
  15  0:49  Probe  
  16  0:56  Gateway  
  16  1:01  Probe  
  17  1:13  Probe  
  17  1:18  Assimilator  
  18  1:25  Probe  
  19  1:32  Pylon  
  19  1:37  Probe  
  20  1:45  Cybernetics Core  
  20  1:49  Probe  
  21  1:55  Nexus  
  21  2:01  Probe  
  21  2:07  Zealot  
  24  2:13  Probe  
  25  2:17  Assimilator  
  25  2:25  Twilight Council  
  25  2:29  Probe  
  26  2:41  Probe  
  27  2:54  Probe  
  27  2:57  Warp Gate (Chrono Boost)  
  28  3:04  Pylon  
  28  3:06  Probe  
  28  3:07  Probe  
  30  3:21  Dark Shrine  
  30  3:22  Probe x2  
  32  3:29  Pylon  
  32  3:33  Assimilator  
  32  3:34  Probe x2  
  34  3:46  Gateway  
  34  3:47  Gateway  
  34  3:49  Probe  
  34  3:50  Probe  
  36  3:57  Gateway  
  36  4:02  Probe x2  
  38  4:14  Probe x2  
  40  4:26  Probe x2  
  42  4:43  Shadow Stride  
  42  4:47  Dark Templar  
  42  4:48  Dark Templar x2  
  48  4:59  Probe x2  
  50  5:06  Gateway x2  
  50  5:10  Gateway  
  50  5:14  Dark Templar  
  52  5:26  Dark Templar x3  
  58  6:08  Dark Templar x2  
  62  6:15  Pylon  
  62  6:16  Pylon  
  62  6:18  Pylon  
  62  6:20  Pylon  
  62  6:45  Dark Templar x2  
  62  6:46  Dark Templar x2  
  70  6:49  Zealot x3  
Show
View Real Time Build Order
Export as new Build Order

A.I. 1 (Elite) Protoss 

Build Orders: Zealot Archon 

Get SALT Encoding   

  12  0:00  Probe  
  13  0:13  Probe  
  14  0:20  Pylon  
  14  0:25  Probe  
  15  0:38  Probe  
  16  0:48  Assimilator  
  16  0:50  Probe  
  16  0:51  Gateway  
  17  1:02  Probe, Pylon  
  18  1:14  Probe  
  19  1:26  Probe  
  20  1:38  Probe  
  21  1:41  Zealot  
  21  1:43  Cybernetics Core  
  23  1:50  Probe  
  24  2:03  Probe  
  24  2:05  Nexus  
  25  2:15  Probe  
  26  2:22  Warp Gate  
  26  2:23  Stalker  
  26  2:27  Probe  
  29  2:35  Twilight Council  
  29  2:39  Probe  
  30  2:55  Pylon  
  30  3:26  Pylon  
  30  3:28  Gateway  
  30  3:38  Zealot  
  32  3:44  Templar Archives  
  32  3:46  Assimilator  
  32  3:50  Assimilator  
  32  3:55  Probe  
  32  3:56  Assimilator  
  32  3:58  Probe  
  34  4:08  Probe  
  35  4:10  Probe  
  35  4:16  Gateway  
  36  4:20  Probe  
  36  4:23  Probe  
  38  4:24  High Templar  
  40  4:32  Probe  
  40  4:35  Probe  
  40  4:37  High Templar  
  44  4:44  Probe  
  45  4:47  Probe  
  46  4:56  Probe, Stalker  
  46  4:57  Archon  
  46  4:59  Probe, Pylon  
  50  5:08  Probe  
  50  5:09  High Templar  
  50  5:10  Sentry  
  55  5:17  Probe  
  55  5:19  Zealot  
  55  5:20  Probe  
  59  5:25  Pylon  
  59  5:27  Forge  
  59  5:29  Probe  
  59  5:32  Probe  
  59  5:33  Adept  
  63  5:39  Stalker  
  63  5:41  Probe, High Templar  
  62  5:43  Robotics Facility  
  62  5:44  Probe  
  60  5:54  Probe, Adept  
  60  5:56  Probe  
  62  6:02  High Templar  
  55  6:06  Probe  
  55  6:09  Probe  
  44  6:14  Zealot x2  
  44  6:18  Probe  
  43  6:21  Probe  
  36  6:30  Probe  
  33  6:34  High Templar  
  33  6:35  Stalker  
  31  6:41  Probe  
  20  6:50  Probe  
Tags
 
Composition
Zealot Archon
Matchup
PvP
Replay Pack
First 100 games
Spawn Locations
Cross Positions
Add a new tag
Caveats
  • Supply blocks, unpowered buildings, or Contaminate may cause inaccurate times.
  • Supply counts are checked every 10 seconds.